 Dungeon Crawl Stone Soup version 0.31-a0-986-g5e6e4ef867 (webtiles) character file.

Game seed: 15315435428983111926

181749 mandarbmax the Devastator (level 17, 0/108 HPs)
             Began as a Tengu Fire Elementalist on Nov 19, 2023.
             Was the Champion of Vehumet.
             Slain by a +2 halberd of chaos (15 damage)
             ... on level 2 of the Snake Pit.
             The game lasted 02:21:07 (36557 turns).

mandarbmax the Devastator (TeFE)                   Turns: 36557, Time: 02:21:08

Health: 0/108      AC: 16    Str:  8    XL:     17   Next: 95%
Magic:  5/37       EV: 25    Int: 35    God:    Vehumet [******]
Gold:   257        SH:  0    Dex: 15    Spells: 15/41 levels left

rFire   + + .        m - staff of fire
rCold   . . .        J - orb {*channel}
rNeg    + . .        Z - +3 ring mail of Insatiable Hunger {rF+ rN+ Int+4 Stlth+}
rPois   +            (helmet restricted)
rElec   .            F - +2 cloak
rCorr   .            u - +2 pair of gloves
SInv    .            (boots unavailable)
Will    +....        H - amulet of regeneration
Stlth   ++           a - ring of poison resistance
HPRegen 1.18/turn    v - +7 ring of intelligence
MPRegen 0.25/turn

%: acrobat, channel magic (20%)
@: agile, lethally poisoned (0 -> -3), flying, hasted, very quick
A: beak, talons 3, evasive flight, acrobatic, high MP 1
}: 1/15 runes: decaying
a: Renounce Religion


You were on level 2 of the Snake Pit.
You worshipped Vehumet.
Vehumet was exalted by your worship.
You visited 7 branches of the dungeon, and saw 28 of its levels.
You also visited: Ossuary.

You collected 3615 gold pieces.
You spent 3358 gold pieces at shops.

Inventory:

Missiles
 w - a throwing net
Armour
 u - a +2 pair of gloves (worn)
 F - a +2 cloak (worn)
 J - an orb of energy (worn)
 Z - the +3 ring mail of Insatiable Hunger (worn) {rF+ rN+ Int+4 Stlth+}
   (You acquired it on level 4 of the Swamp)

   Int+4:     It affects your intelligence (+4).
   rF+:       It protects you from fire.
   rN+:       It protects you from negative energy.
   Stlth+:    It makes you more stealthy.
Magical Staves
 m - a staff of fire (weapon)
Jewellery
 a - a ring of poison resistance (left hand)
 v - a +7 ring of intelligence (right hand)
 x - a ring of protection from fire
 H - an amulet of regeneration (around neck)
 Q - a ring of willpower
 U - a ring of willpower
 V - a ring of protection from fire
Wands
 i - a wand of polymorph (42)
 n - a wand of iceblast (28)
 t - a wand of flame (39)
 E - a wand of quicksilver (13)
 I - a wand of mindburst (45)
 L - a wand of digging (9)
 T - a wand of paralysis (7)
Scrolls
 e - 7 scrolls of teleportation
 f - 7 scrolls of fog
 g - 4 scrolls of immolation
 h - 5 scrolls of fear
 k - a scroll of brand weapon
 o - 2 scrolls of amnesia
 C - 4 scrolls of enchant weapon
 G - 10 scrolls of identify
 K - 5 scrolls of poison
 N - 4 scrolls of blinking
 O - 3 scrolls of revelation
 P - 6 scrolls of silence
 R - 3 scrolls of enchant armour
 W - a scroll of torment
Potions
 b - 2 potions of magic
 c - 2 potions of attraction
 d - 7 potions of lignification
 j - 4 potions of heal wounds
 l - 2 potions of enlightenment
 p - 2 potions of resistance
 q - a potion of invisibility
 r - 2 potions of berserk rage
 s - 3 potions of might
 z - 12 potions of curing
 A - 5 potions of brilliance
 B - 10 potions of mutation
 D - 2 potions of cancellation
 M - 5 potions of haste
 S - 2 potions of ambrosia
Miscellaneous
 y - a phial of floods
 X - a box of beasts (inert)


   Skills:
 + Level 12.5 Fighting
 - Level 12.0 Staves
 - Level 8.0 Armour
 + Level 13.7 Dodging
 - Level 2.0 Stealth
 + Level 12.5 Spellcasting
 - Level 17.0 Conjurations
 - Level 15.0 Fire Magic
 - Level 1.0 Air Magic
 + Level 7.2 Evocations


You had 15 spell levels left.
You knew the following spells:

 Your Spells              Type           Power      Damage    Failure   Level
a - Foxfire               Conj/Fire      100%       2x1d9     1%          1
b - Scorch                Fire           100%       2d9       1%          2
c - Flame Wave            Conj/Fire      100%       2d21      1%          4
d - Volatile Blastmotes   Fire/Tloc      100%       2d18      1%          3
e - Inner Flame           Hex/Fire       84%        N/A       1%          3
f - Searing Ray           Conj           100%       2d8       1%          2
g - Fireball              Conj/Fire      58%        3d22      1%          5
h - Plasma Beam           Fire/Air       43%        2x1d57    16%         6

Your spell library contained the following spells:

 Spells                   Type           Power      Damage    Failure   Level
 Kiss of Death            Conj/Necr      100%       2d13      1%          1
 Irradiate                Conj/Tmut      34%        3d23      3%          5
 Cigotuvi's Dreadful Rot  Necr/Pois/Air  48%        N/A       17%         2
 Wereblood                Tmut           21%        N/A       21%         2
 Confusing Touch          Hex            21%        N/A       32%         3
 Gell's Gravitas          Tloc           21%        N/A       32%         3
 Teleport Other           Tloc           21%        N/A       32%         3
 Tukima's Dance           Hex            21%        N/A       32%         3
 Yara's Violent Unravell  Hex/Tmut       10%        3d6       47%         5
 Anguish                  Hex/Necr       10%        N/A       65%         4
 Cause Fear               Hex            10%        N/A       65%         4
 Dispel Undead            Necr           21%        3d11      65%         4
 Passage of Golubria      Tloc           21%        N/A       65%         4
 Death Channel            Necr           10%        N/A       100%        6
 Dispersal                Tloc           10%        N/A       100%        6
 Enfeeble                 Hex            10%        N/A       100%        7
 Dragon's Call            Summ           10%        N/A       100%        9


Dungeon Overview and Level Annotations

Branches:
Dungeon (13/15)            Temple (1/1) D:5            Lair (5/5) D:10
  Swamp (4/4) Lair:2        Snake (2/4) Lair:3        Slime (0/5) Lair:5
    Orc (2/2) D:12            Elf (1/3) Orc:2       Ossuary (visited)
 Vaults: D:13-14

Altars:
Ashenzari
Cheibriados
Dithmenos
Elyvilon
Fedhas
Gozag
Hepliaklqana
Kikubaaqudgha
Makhleb
Nemelex Xobeh
Okawaru
Qazlal
Ru
Sif Muna
Trog
Uskayaw
Vehumet
Wu Jian
Xom
Yredelemnul
Zin
The Shining One
Jiyva

Shops:
D:9 ?   D:10 =   D:12 =   Orc:2 (=!!   Snake:1 [**

Portals:
Trove: D:10 (give 3 potions of resistance)

Annotations:
D:5 1 runed translucent door, Crazy Yiuf
Lair:2 1 runed translucent door, jlumianski's ghost, journeyman GnSh


Innate Abilities, Weirdness & Mutations

You have a beak for a mouth.
You have claws for feet.
Your magical flight helps you evade attacks. (EV +4)
You can magically evade attacks while moving or waiting.
You have an increased reservoir of magic. (+10% MP)


Message History

Confirm with . or Enter, or press ? or * to list all spells.
You feel a surge of power!
Flames lash the +2 halberd of chaos but do no damage.
The +2 halberd of chaos completely misses you.
Your mature firesting beast barely misses the +2 halberd of chaos.
Your mature firesting beast completely misses the +2 halberd of chaos.
Unknown command.
Casting: Scorch (safe; 1% risk of failure)
Confirm with . or Enter, or press ? or * to list all spells.
You feel a surge of power!
Flames lash the +2 halberd of chaos.
The +2 halberd of chaos completely resists.
The +2 halberd of chaos closely misses you.
Your mature firesting beast hits the +2 halberd of chaos!!
Your mature firesting beast stings the +2 halberd of chaos.
Unknown command.
Casting: Scorch (safe; 1% risk of failure)
Confirm with . or Enter, or press ? or * to list all spells.
You feel a surge of power!
Flames lash the +2 halberd of chaos but do no damage.
The +2 halberd of chaos misses you.
Unknown command.
Unknown command.
Casting: Scorch (safe; 1% risk of failure)
Confirm with . or Enter, or press ? or * to list all spells.
You feel a surge of power!
Flames lash the +2 halberd of chaos.
The +2 halberd of chaos resists.
The +2 halberd of chaos is almost destroyed.
The +2 halberd of chaos's fire resistance burns away.
The +2 halberd of chaos hits you!!
* * * LOW HITPOINT WARNING * * *
You are poisoned.
Your mature firesting beast hits the +2 halberd of chaos but does no damage.
Your mature firesting beast completely misses the +2 halberd of chaos.
Unknown command.
Casting: Scorch (safe; 1% risk of failure)
Confirm with . or Enter, or press ? or * to list all spells.
You feel a surge of power!
Flames lash the +2 halberd of chaos but do no damage.
You feel sick. The +2 halberd of chaos hits you!
You die...

.# ########++++##.#####.##.......
.# #.........†............ ##
###.###.......####..### # #.#
#.......####..# #
#)######.......#..# #
#.#..###.......#..# #
#)#..#)##..###.#..### #
#....(H.#..# #....... #
#)#.@#)##..###....... #
###########>#..###.............
#..............................
###.......#...########..........#
.......)..#...# #..#######.#
###.......#...# #..#######.#
#...#####...# #........... #
#...# #...########'########..
###...# #...##........## #..


You could see a +2 halberd of chaos (combustible, ally target) and a friendly
mature firesting beast (summoned).

Vanquished Creatures
  Jorgrun (Swamp:2)
  Kirke (Snake:2)
  Frances (Snake:1)
  A fenstrider witch (Swamp:4)
  The ghost of Bradai the Fencer, an adept DjFE of Makhleb (Snake:2)
  2 orc warlords (Orc:2)
  Nessos (Lair:4)
  5 eleionomae
  6 bunyips
  Snorg (Lair:4)
  3 fire dragons (Swamp:4)
  20 hydras
  The ghost of wireframewife the Thaumaturge, a journeyman GnWr of the Shining One (D:11)
  2 ghost crabs
  7 alligators
  6 anacondas
  A centaur warrior (D:11)
  4 catoblepae
  A dancing weapon (Elf:1)
  4 two-headed ogres
  3 boulder beetles
  2 naga warriors (Snake:1)
  An orc high priest (Orc:2)
  13 death yaks
  5 naga sharpshooters
  2 shock serpents
  2 deep elf knights (Elf:1)
  A skyshark (Lair:5)
  A salamander mystic (Snake:2)
  8 goliath frogs
  Amaemon (Lair:3)
  2 sea snakes (Snake:1)
  9 swamp dragons
  4 spriggan druids
  4 lindwurms (Swamp:4)
  A bog body (Swamp:2)
  3 naga ritualists
  A phantasmal warrior (D:11)
  Pikel (D:8)
  A deep elf archer (Elf:1)
  6 orc knights
  2 oklob plants
  3 deep elf zephyrmancers (Elf:1)
  3 manticores
  A mana viper (Snake:1)
  2 orc sorcerers (Orc:2)
  5 will-o-the-wisps (Swamp:4)
  6 salamanders
  6 deep elf pyromancers
  An ugly thing (D:12)
  4 cyclopes
  28 elephants
  A guardian serpent (Snake:1)
  24 black mambas
  4 gargoyles
  Joseph (D:8)
  11 cane toads
  5 naga magi
  An orange demon (Lair:3)
  Jeremiah (D:8)
  18 komodo dragons
  A kobold demonologist (D:12)
  2 rime drakes
  9 trolls
  3 polar bears
  14 hornets
  6 saltlings (Orc:2)
  7 tyrant leeches
  Prince Ribbit (D:5)
  9 dream sheep (Lair:4)
  5 slime creatures (D:12)
  14 blink frogs
  8 spriggans (Swamp:3)
  A shadow (D:9)
  73 yaks
  3 wraiths
  A fire bat (D:6)
  3 basilisks
  Eustachio (D:5)
  4 wyverns
  A fire elemental (Elf:1)
  7 hogs (Snake:2)
  10 vampire mosquitoes
  2 wargs (Orc:2)
  21 swamp worms
  18 nagas
  An acid dragon (D:10)
  16 water moccasins
  Duvessa (D:5)
  22 orc warriors
  11 swamp drakes
  5 ogres
  2 black bears
  2 ice beasts
  2 phantoms (D:5)
  3 wolves (Lair:3)
  6 centaurs
  3 kobold brigands
  Blork the orc (D:5)
  12 bullfrogs
  3 scorpions
  7 water moccasin zombies (Ossuary)
  Dowan (D:5)
  9 killer bees
  3 electric eels
  4 howler monkeys
  A lava snake (Swamp:4)
  A hound (D:4)
  16 jellies
  17 orc priests
  2 gnoll boudas
  A sleepcap (D:6)
  Ijyb (D:5)
  19 orc wizards
  2 iguanas
  2 mummies (Ossuary)
  7 gnolls (D:5)
  10 adders
  3 adder zombies (Ossuary)
  A worm zombie (D:4)
  A worm (D:2)
  3 dart slugs
  73 orcs
  10 endoplasms
  3 giant cockroaches
  3 gnoll zombies (Ossuary)
  8 goblins
  3 hobgoblins
  3 jackals (D:3)
  5 quokkas
  5 ball pythons
  3 bats
  4 frilled lizards
  5 hobgoblin zombies (Ossuary)
  12 kobolds
  7 kobold zombies (Ossuary)
  2 orc zombies (Ossuary)
  7 rats
845 creatures vanquished.

Vanquished Creatures (collateral kills)
  2 foxfires
2 creatures vanquished.

Vanquished Creatures (others)
  1439 foxfires
1439 creatures vanquished.

Grand Total: 2286 creatures vanquished

Notes
Turn   | Place    | Note
-------+----------+-------------------------------------------
     0 | D:1      | mandarbmax the Tengu Fire Elementalist began the quest for
                  | the Orb.
     0 | D:1      | Reached XP level 1. HP: 10/10 MP: 4/4
   339 | D:1      | Reached skill level 2 in Conjurations
   437 | D:1      | Reached XP level 2. HP: 14/15 MP: 0/6
  1478 | D:2      | Reached skill level 3 in Conjurations
  1478 | D:2      | Reached XP level 3. HP: 19/19 MP: 2/7
  1814 | D:2      | Reached XP level 4. HP: 24/24 MP: 4/8
  2550 | D:3      | Reached skill level 4 in Conjurations
  2790 | D:3      | Reached XP level 5. HP: 9/28 MP: 1/10
  2793 | D:3      | Learned a level 2 spell: Scorch
  3744 | D:4      | Reached skill level 5 in Conjurations
  3758 | D:4      | Reached XP level 6. HP: 30/32 MP: 0/11
  3790 | D:4      | Reached skill level 5 in Fire Magic
  3947 | D:4      | Identified the +8 hand axe "Nodep" {drain, Drain rElec
                  | rCorr Str+4}
  4000 | D:4      | Found a sand-covered staircase.
  4022 | D:4      | Reached skill level 6 in Conjurations
  4025 | D:4      | Gained mutation: Your magical flight helps you evade
                  | attacks. (EV +4) [Tengu growth]
  4025 | D:4      | Reached XP level 7. HP: 36/36 MP: 2/13
  4027 | Ossuary  | Entered an ossuary
  4371 | Ossuary  | Reached skill level 7 in Conjurations
  4595 | Ossuary  | Reached XP level 8. HP: 26/41 MP: 6/15
  5028 | D:4      | Reached skill level 8 in Conjurations
  5108 | D:5      | Entered Level 5 of the Dungeon
  5131 | D:5      | Noticed Blork the orc
  5254 | D:5      | Noticed Prince Ribbit
  5261 | D:5      | Found a staircase to the Ecumenical Temple.
  5268 | Temple   | Entered the Ecumenical Temple
  5300 | Temple   | Became a worshipper of Vehumet
  5336 | D:5      | Noticed Eustachio
  5347 | D:5      | Killed Eustachio
  5477 | D:5      | Noticed Dowan
  5479 | D:5      | Noticed Duvessa
  5496 | D:5      | Killed Dowan
  5631 | D:5      | Reached skill level 9 in Conjurations
  5644 | D:5      | Killed Duvessa
  5770 | D:5      | Reached skill level 5 in Spellcasting
  5812 | D:5      | Reached XP level 9. HP: 45/45 MP: 10/17
  5891 | D:5      | Found a runed translucent door.
  5892 | D:5      | Noticed Crazy Yiuf
  5979 | D:5      | Killed Blork the orc
  6251 | D:5      | Noticed Ijyb
  6269 | D:5      | HP: 1/45 [Ijyb/puff of flame (10)]
  6433 | D:5      | Killed Prince Ribbit
  6434 | D:5      | Reached skill level 10 in Conjurations
  6497 | D:5      | Killed Ijyb
  7094 | D:6      | Found a snail-covered altar of Cheibriados.
  7237 | D:6      | Reached skill level 11 in Conjurations
  7433 | D:6      | Found a transporter.
  7644 | D:6      | Found a transporter.
  7733 | D:7      | Reached * piety under Vehumet
  7733 | D:7      | Offered knowledge of Freeze by Vehumet.
  7734 | D:7      | Reached XP level 10. HP: 40/44 MP: 14/20
  7739 | D:7      | Learned a level 4 spell: Flame Wave
  7743 | D:7      | Learned a level 3 spell: Volatile Blastmotes
  7818 | D:7      | Reached skill level 10 in Fire Magic
  7822 | D:7      | Learned a level 3 spell: Inner Flame
  8025 | D:7      | You are sucked into a shaft and drop 1 floor!
  8027 | D:8      | Noticed Pikel
  8058 | D:8      | Killed Pikel
  8059 | D:8      | Reached skill level 12 in Conjurations
  8432 | D:8      | Noticed Jeremiah
  8547 | D:8      | Killed Jeremiah
  8550 | D:8      | Noticed Joseph
  8557 | D:8      | Killed Joseph
  9242 | D:8      | Found a glowing silver altar of Zin.
  9242 | D:8      | Found a faded altar of an unknown god.
  9250 | D:8      | Found an ornate altar of the Wu Jian Council.
  9252 | D:8      | Found a blossoming altar of Fedhas.
  9254 | D:8      | Found a sacrificial altar of Ru.
  9396 | D:9      | Noticed a two-headed ogre
  9406 | D:9      | Killed a two-headed ogre
  9407 | D:9      | Reached skill level 1 in Fighting
  9407 | D:9      | Reached skill level 1 in Armour
  9407 | D:9      | Reached skill level 13 in Conjurations
  9412 | D:9      | Noticed a manticore
  9418 | D:9      | Killed a manticore
  9602 | D:9      | Reached XP level 11. HP: 24/59 MP: 7/22
  9800 | D:9      | Found Jeetetua's Magic Scroll Boutique.
  9803 | D:9      | Bought a scroll of immolation for 48 gold pieces
  9803 | D:9      | Bought a scroll of blinking for 90 gold pieces
  9803 | D:9      | Bought a scroll of poison for 48 gold pieces
  9803 | D:9      | Bought a scroll of teleportation for 36 gold pieces
  9803 | D:9      | Bought a scroll of teleportation for 36 gold pieces
  9803 | D:9      | Bought 2 scrolls of revelation for 180 gold pieces
  9803 | D:9      | Bought a scroll of silence for 114 gold pieces
  9865 | D:9      | Offered knowledge of Searing Ray by Vehumet.
  9919 | D:9      | Reached ** piety under Vehumet
  9928 | D:9      | Reached skill level 5 in Dodging
 10402 | D:8      | Noticed a four-headed hydra
 10409 | D:8      | Killed a four-headed hydra
 10410 | D:8      | Reached skill level 5 in Armour
 10874 | D:10     | Entered Level 10 of the Dungeon
 10879 | D:10     | Learned a level 2 spell: Searing Ray
 11074 | D:10     | Found Etuemasi's One-of-a-Kind Rings.
 11361 | D:10     | Reached skill level 5 in Fighting
 11489 | D:10     | Found a portal to a secret trove of treasure.
 11512 | D:10     | Identified the +1 robe "Noyfyofi" {Will+ Str+3 Slay+2}
 11706 | D:10     | Found a staircase to the Lair.
 11710 | D:10     | Reached skill level 1 in Staves
 12220 | D:11     | Noticed a deep elf pyromancer
 12224 | D:11     | Killed a deep elf pyromancer
 12456 | D:11     | Noticed a two-headed ogre
 12461 | D:11     | Killed a two-headed ogre
 12492 | D:11     | Noticed a manticore
 12498 | D:11     | Killed a manticore
 12676 | D:11     | Reached XP level 12. HP: 68/68 MP: 18/24
 12897 | D:11     | Found a runed translucent gate.
 12898 | D:11     | Found a runed translucent gate.
 12899 | D:11     | Found a runed translucent gate.
 12903 | D:11     | Noticed wireframewife's ghost (journeyman GnWr)
 12905 | D:11     | Noticed a centaur warrior
 13372 | D:11     | Learned a level 5 spell: Fireball
 13379 | D:11     | Killed a centaur warrior
 13391 | D:11     | Killed wireframewife's ghost
 13533 | D:12     | Offered knowledge of Momentum Strike by Vehumet.
 13772 | D:12     | Reached *** piety under Vehumet
 13774 | D:12     | Noticed a two-headed ogre
 13973 | D:12     | Found a staircase to the Orcish Mines.
 14027 | D:12     | Noticed a boulder beetle
 14059 | D:12     | Killed a boulder beetle
 14059 | D:12     | Killed a two-headed ogre
 14223 | D:12     | Reached skill level 5 in Staves
 14408 | D:12     | Found Viporuv's Jewellery Shop.
 14503 | D:12     | Offered knowledge of Ignite Poison by Vehumet.
 15215 | Lair:1   | Entered Level 1 of the Lair of Beasts
 15223 | Lair:1   | Noticed a boulder beetle
 15383 | Lair:1   | Reached XP level 13. HP: 59/76 MP: 0/26
 16063 | Lair:1   | Reached **** piety under Vehumet
 17103 | Lair:2   | Offered knowledge of Sticky Flame by Vehumet.
 17288 | Lair:2   | Found a runed translucent door.
 17288 | Lair:2   | Noticed jlumianski's ghost (journeyman GnSh)
 17327 | Lair:2   | Identified a scroll of acquirement
 17328 | Lair:2   | Identified the of Ceneets (You acquired it on level 2 of
                  | the Lair of Beasts)
 17328 | Lair:2   | Acquired 507 gold pieces
 17871 | Lair:2   | Found a staircase to the Swamp.
 18537 | Lair:3   | Noticed Amaemon
 18544 | Lair:3   | Killed Amaemon
 18949 | D:10     | Bought a +7 ring of intelligence for 585 gold pieces
 19494 | Lair:3   | Found a staircase to the Snake Pit.
 20028 | Lair:4   | Reached skill level 14 in Conjurations
 20060 | Lair:4   | Reached XP level 14. HP: 84/84 MP: 5/28
 20447 | Lair:4   | Noticed Nessos
 20457 | Lair:4   | Killed Nessos
 20710 | Lair:4   | Reached skill level 10 in Dodging
 20710 | Lair:4   | Reached skill level 1 in Evocations
 20872 | Lair:4   | Noticed Snorg
 20879 | Lair:4   | Killed Snorg
 20879 | Lair:4   | Reached ***** piety under Vehumet
 21537 | Lair:4   | Acquired 546 gold pieces
 21597 | Lair:4   | Offered knowledge of Eringya's Noxious Bog by Vehumet.
 21776 | Lair:5   | Entered Level 5 of the Lair of Beasts
 22010 | Lair:5   | Reached skill level 10 in Spellcasting
 22031 | Lair:5   | Gained mutation: You have an increased reservoir of magic.
                  | (+10% MP) [potion of mutation]
 22031 | Lair:5   | HP: 6/129 [skyshark (2)]
 22290 | Lair:5   | Found a staircase to the Slime Pits.
 22297 | Lair:5   | Found a viscous altar of Jiyva.
 22515 | Lair:5   | Reached skill level 5 in Evocations
 22690 | Lair:5   | Reached XP level 15. HP: 87/91 MP: 29/33
 23004 | Lair:5   | Identified the +10 sling of Wrath {elec, Will+}
 23095 | Lair:5   | Reached skill level 15 in Conjurations
 24230 | Lair:5   | Offered knowledge of Iskenderun's Battlesphere by Vehumet.
 24231 | Lair:5   | Reached skill level 10 in Fighting
 24971 | Orc:1    | Entered Level 1 of the Orcish Mines
 25654 | Orc:2    | Entered Level 2 of the Orcish Mines
 26356 | Orc:2    | Noticed an orc warlord
 26361 | Orc:2    | Killed an orc warlord
 26631 | Orc:2    | Found a staircase to the Elven Halls.
 26640 | Orc:2    | Noticed an orc warlord
 26652 | Orc:2    | HP: 2/93 [orc priest/nerve-wracking pain[an orc warlord]
                  | (8)]
 26657 | Orc:2    | Killed an orc warlord
 27170 | Orc:2    | Found Qooruol's Weapon Emporium.
 27188 | Orc:2    | Found Futubela's Distillery.
 27190 | Orc:2    | Found Lebeuzxu's Jewellery Shop.
 27213 | Orc:2    | Offered knowledge of Bombard by Vehumet.
 27297 | Orc:2    | Found Safeirho's Distillery.
 27305 | Orc:2    | Bought a potion of cancellation for 88 gold pieces
 27305 | Orc:2    | Bought a potion of haste for 110 gold pieces
 27306 | Orc:2    | Bought a potion of heal wounds for 55 gold pieces
 27306 | Orc:2    | Bought a potion of heal wounds for 55 gold pieces
 27367 | Orc:2    | Reached skill level 10 in Staves
 27561 | Orc:2    | Bought a potion of invisibility for 88 gold pieces
 27561 | Orc:2    | Bought 2 potions of mutation for 176 gold pieces
 27561 | Orc:2    | Bought a potion of ambrosia for 88 gold pieces
 27561 | Orc:2    | Bought a potion of curing for 33 gold pieces
 27561 | Orc:2    | Bought a potion of mutation for 88 gold pieces
 27618 | Vaults:1 | Identified the "Jimp"
 27618 | Vaults:5 | Identified the "Qaw Bouref"
 27618 | Crypt:3  | Identified the "Ipun"
 27618 | Elf:1    | Entered Level 1 of the Elven Halls
 27623 | Elf:1    | Reached XP level 16. HP: 61/99 MP: 33/35
 28106 | Swamp:1  | Entered Level 1 of the Swamp
 29018 | Swamp:2  | Reached skill level 16 in Conjurations
 29561 | Swamp:2  | Noticed Jorgrun
 29566 | Swamp:2  | Killed Jorgrun
 30694 | Swamp:3  | Reached ****** piety under Vehumet
 30727 | Swamp:3  | Offered knowledge of Plasma Beam by Vehumet.
 31424 | Swamp:4  | Entered Level 4 of the Swamp
 32038 | Swamp:4  | Reached XP level 17. HP: 97/105 MP: 20/37
 32840 | Swamp:4  | Acquired the +3 ring mail of Insatiable Hunger {rF+ rN+
                  | Int+4 Stlth+}
 33311 | Swamp:4  | Reached skill level 17 in Conjurations
 33314 | Swamp:4  | Paralysed by a fenstrider witch for 2 turns
 33670 | Swamp:4  | Got a decaying rune of Zot
 33851 | Snake:1  | Entered Level 1 of the Snake Pit
 33868 | Lair:3   | Learned a level 6 spell: Plasma Beam
 33924 | Snake:1  | Reached skill level 1 in Air Magic
 34133 | Snake:1  | Noticed Frances
 34136 | Snake:1  | Killed Frances
 34388 | Snake:1  | Found a glowing golden altar of the Shining One.
 34631 | Snake:1  | Found Jomuwnud's Armour Boutique.
 34633 | Snake:1  | Found Vitsolae's General Store.
 34635 | Snake:1  | Found Iful's Assorted Antiques.
 34643 | Snake:1  | Bought a box of beasts for 1440 gold pieces
 35166 | Snake:1  | You are sucked into a shaft and drop 1 floor!
 35673 | Snake:2  | Noticed Kirke
 35925 | Snake:2  | Killed Kirke
 36021 | Snake:2  | Found a runed translucent door.
 36021 | Snake:2  | Found a shimmering altar of Xom.
 36021 | Snake:2  | Noticed Bradai's ghost (adept DjFE)
 36041 | Snake:2  | Reached skill level 15 in Fire Magic
 36550 | Snake:2  | Killed Bradai's ghost
 36557 | Snake:2  | Slain by a +2 halberd of chaos

Illustrated notes

Levels and vault maps discovered:
D:1:      amcnicky_arrival_abandoned_market, layout_loops_corners
D:2:      layout_basic, minmay_small_reverse_x
D:3:      layout_basic, serial_park_tiny_1, minmay_checkerbox
D:4:      layout_gridville, enter_ossuary_3
D:5:      layout_rooms, minmay_temple_entry_crystal_x, uniq_duvessa,
          uniq_eustachio, uniq_blork_the_orc, uniq_ijyb, uniq_prince_ribbit1,
          uniq_crazy_yiuf_cottage
D:6:      gammafunk_cloud_chamber, layout_basic, cheibriados_altar_1
D:7:      layout_rooms
D:8:      nicolae_hitomezashi [nicolae_hito_row, nicolae_hito_row,
          nicolae_hito_row, nicolae_hito_row, nicolae_hito_row,
          nicolae_hito_row, nicolae_hito_row, nicolae_hito_row,
          nicolae_hito_row, nicolae_hito_row, nicolae_hito_row,
          nicolae_hito_row, nicolae_hito_row, nicolae_hito_row,
          nicolae_hito_row, nicolae_hito_row, nicolae_hito_row,
          nicolae_hito_row], layout_cave_pools,
          chequers_temple_overflow_minitemple, uniq_jeremiah, uniq_pikel,
          uniq_joseph
D:9:      layout_irregular_city, serial_shops, shop
D:10:     layout_loops_corners, lair_entry_dummy, nicolae_trove_entry_isolated,
          minivault_25, nicolae_shop_unique_rings
D:11:     layout_basic, gammafunk_ghost_split
D:12:     layout_basic, hiddenorc1_lemuel, serial_shops,
          nicolae_shop_rolling_square, grunt_ministairs_13,
          minmay_quadrilaterals
D:13:     layout_layer_cave, david_vaults_2
Temple:   minmay_crystal_spiral_temple
Lair:1:   layout_regular_city, dpeg_stationary_puzzle
Lair:2:   layout_chaotic_city, palyth_hydra_swamp_entry,
          hellmonk_ghost_happy_afterlife
Lair:3:   layout_cave_pods, nicolae_snake_entry_squirm, grunt_megastairs_2,
          uniq_amaemon
Lair:4:   layout_long_grid, chequers_serial_rivers_micro_e, serial_bayou_pond_d,
          minmay_shattered_shrine, uniq_snorg, uniq_nessos
Lair:5:   evilmike_catoblepas_cave, layout_cave_pods,
          minmay_slime_entry_jelly_boxes, dreamdust_wasp_nest,
          infiniplex_staircase_pool
Swamp:1:  layout_basic_swamp, infiniplex_staircase_pool_2, swamp_pool_1_2
Swamp:2:  layout_basic_swamp, nicolae_swamp_stuck_in_the_mud, uniq_jorgrun
Swamp:3:  layout_falls_marsh, hangedman_swamp_pad, nicolae_swamp_tree_isthmus
Swamp:4:  swamp_fiery, layout_basic_swamp
Snake:1:  layout_onion, lemuel_oklob_altar, minmay_shop_star,
          grunt_megastairs_4, serial_bayou_shore_a, uniq_frances
Snake:2:  layout_gridlike, ebering_ghost_xom, uniq_kirke
Orc:1:    layout_diamond_mine
Orc:2:    hellmonk_orc_salted, layout_diamond_mine
Elf:1:    nicolae_elf_arrival_fired_up, layout_gridlike,
          hangedman_elf_represent, uniq_asterion

Skill      XL: |  1  2  3  4  5  6  7  8  9 10 11 12 13 14 15 16 17 |
---------------+----------------------------------------------------+-----
Conjurations   | 2 3 4 5 6 7 9 11 13 14 15 16 17 | 17.0
Fire Magic     | 4 5 6 8 9 11 12 13 14 15 | 15.0
Spellcasting   | 3 4 5 6 7 8 9 10 11 12 | 12.5
Fighting       | 2 5 7 8 9 10 11 12 | 12.5
Armour         | 3 6 8 |  8.0
Dodging        | 4 6 8 9 10 11 12 13 | 13.7
Staves         | 2 5 7 8 10 11 12 | 12.0
Evocations     | 5 6 7 |  7.2
Air Magic      | 1 |  1.0
Stealth        | |  2.0

Action                     |  1- 3 |  4- 6 |  7- 9 | 10-12 | 13-15 | 16-18 || total
---------------------------+-------+-------+-------+-------+-------+-------++-------
  Melee: Unarmed           |     1 |       |       |       |       |     7 ||     8
         Short sword       |       |    20 |       |       |       |       ||    20
         Peck              |       |     3 |     6 |    11 |    15 |    40 ||    75
         Kick              |       |     7 |     8 |    17 |    18 |    70 ||   120
         Hand axe          |       |       |    34 |       |       |       ||    34
         Staff             |       |       |       |    34 |    51 |   139 ||   224
   Cast: Foxfire           |    76 |   139 |   206 |   167 |   237 |     6 ||   831
         Scorch            |       |     1 |    42 |    71 |   158 |    80 ||   352
         Inner Flame       |       |       |       |    83 |   278 |    60 ||   421
         Flame Wave        |       |       |       |    12 |    16 |    27 ||    55
         Volatile Blastmot |       |       |       |    26 |    22 |     1 ||    49
         Fireball          |       |       |       |     7 |    79 |   149 ||   235
         Searing Ray       |       |       |       |     1 |       |     5 ||     6
         Plasma Beam       |       |       |       |       |       |    77 ||    77
  Evoke: Wand              |       |       |       |     6 |     5 |    11 ||    22
         Box of beasts     |       |       |       |       |       |     1 ||     1
    Use: Scroll            |       |       |    13 |     7 |    14 |     3 ||    37
         Potion            |       |       |     4 |       |    14 |     2 ||    20
 Armour: Robe              |     7 |    20 |    64 |   110 |   204 |    30 ||   435
         Skin              |       |       |       |       |    61 |     1 ||    62
         Ring mail         |       |       |       |       |       |   221 ||   221
  Dodge: Dodged            |    24 |    13 |   125 |   153 |   158 |   325 ||   798

Table legend: (Time is in decaauts)
 A = Elapsed time spent in this place.
 B = Non-inter-level travel time spent in this place.
 C = Inter-level travel time spent in this place.
 D = Time resting spent in this place.
 E = Time spent auto-exploring this place.
 F = Levels seen in this place.
 G = Mean time per level.
                   A        B        C        D        E       F      G
               +--------+--------+--------+--------+--------+-----+--------+
         Total |  36526 |  34237 |   2289 |   8266 |  21058 |  29 | 1259.5 |
       Dungeon |  14857 |  14001 |    856 |   1882 |  10144 |  13 | 1142.8 |
        Temple |     63 |      2 |     61 |      0 |      0 |   1 |   63.0 |
          Lair |  10313 |   9644 |    669 |   3115 |   5291 |   5 | 2062.6 |
         Swamp |   5029 |   4665 |    364 |   1999 |   2012 |   4 | 1257.2 |
     Snake Pit |   2399 |   2378 |     21 |    151 |   1867 |   2 | 1199.5 |
  Orcish Mines |   2880 |   2568 |    312 |    864 |   1197 |   2 | 1440.0 |
   Elven Halls |    213 |    208 |      5 |    153 |      0 |   1 |  213.0 |
       Ossuary |    769 |    769 |      0 |    102 |    547 |   1 |  769.0 |
               +--------+--------+--------+--------+--------+-----+--------+

Top non-repeatable levels by time:
  Lair:4: 2729 daAuts
  Lair:5: 2165 daAuts
  Lair:3: 2020 daAuts
   Orc:2: 1849 daAuts
  Lair:2: 1776 daAuts
    D:11: 1762 daAuts
 Swamp:4: 1670 daAuts
  Lair:1: 1621 daAuts
    D:10: 1557 daAuts
 Swamp:3: 1521 daAuts
    D:12: 1483 daAuts
     D:5: 1400 daAuts
 Snake:2: 1358 daAuts
     D:9: 1345 daAuts
     D:1: 1325 daAuts
